 Dungeon Crawl Stone Soup version 0.23.2-33-g5129a83184 (webtiles) character file.

Game seed: 7731845642546973368

730 teukkam the Skirmisher (level 7, -2/63 HPs)
             Began as a Minotaur Fighter on July 1, 2019.
             Slain by an orc warrior
             ... wielding a +0 glaive
              (18 damage)
             ... on level 6 of the Dungeon.
             The game lasted 00:09:43 (2640 turns).

teukkam the Skirmisher (Minotaur Fighter)           Turns: 2640, Time: 00:09:43

Health: -2/63      AC:  8    Str: 22    XL:     7   Next: 44%
Magic:  0/6        EV:  8    Int:  5    God:
Gold:   106        SH: 10    Dex: 10    Spells: 6/6 levels left

rFire    . . .     SeeInvis +   a - +2 hand axe (elec)
rCold    . . .     Gourm    .   c - +0 shield
rNeg     . . .     Faith    .   b - +1 scale mail
rPois    .         Spirit   +   e - +0 mask of the Dragon {MR+ Slay+3 SInv}
rElec    .         Reflect  .   (no cloak)
rCorr    .         Harm     .   (no gloves)
MR       +....                  (no boots)
Stlth    ..........             o - amulet of guardian spirit
HPRegen  0.20/turn              (no ring)
MPRegen  0.10/turn              (no ring)

@: no status effects
A: retaliatory headbutt, horns 2
a: no special abilities


You were on level 6 of the Dungeon.
You were not hungry.

You visited 1 branch of the dungeon, and saw 6 of its levels.
You also visited: Sewer.

You collected 106 gold pieces.

Inventory:

Hand Weapons
 a - a +2 hand axe of electrocution (weapon)
 p - a +0 war axe
Missiles
 j - 109 stones (quivered)
 k - 89 sling bullets
Armour
 b - a +1 scale mail (worn)
 c - a +0 shield (worn)
 e - the +0 mask of the Dragon (worn) {MR+ Slay+3 SInv}
   (You found it on level 5 of the Dungeon)

   It affects your accuracy and damage with ranged weapons and melee attacks
   (+3).
   It affects your resistance to hostile enchantments.
   It lets you see invisible.
Jewellery
 o - an amulet of guardian spirit (around neck)
Wands
 l - a wand of acid (7)
 q - a wand of flame (10)
 r - a wand of polymorph (8)
Scrolls
 h - 2 scrolls of enchant armour
 s - a scroll of immolation {unknown}
 t - 2 scrolls of teleportation
 u - a scroll of remove curse {unknown}
 v - a scroll of identify
Potions
 d - a potion of might
 g - 2 potions of cancellation {unknown}
 i - 2 potions of haste {unknown}
 m - 2 potions of flight {unknown}
 n - a potion of brilliance {unknown}
Comestibles
 f - 5 rations


   Skills:
 + Level 6.1 Fighting
 + Level 5.5 Axes
 + Level 6.1 Armour
 + Level 6.1 Shields


You had 6 spell levels left.
You didn't know any spells.
Your spell library contained the following spells:

 Spells                   Type           Power        Failure   Level  Hunger
 Animate Skeleton         Necr           N/A          99%         1    ##.....
 Apportation              Tloc           #.....       99%         1    ##.....
 Confusing Touch          Hex            #.....       99%         1    ##.....
 Summon Small Mammal      Summ           #...         99%         1    ##.....


Dungeon Overview and Level Annotations

Branches:
Dungeon (6/15)
 Temple: D:4-7

Altars:
Cheibriados
Dithmenos
Elyvilon
Fedhas
Nemelex Xobeh
Trog
Vehumet
The Shining One

Annotations:
D:4 Dowan, Duvessa, Robin


Innate Abilities, Weirdness & Mutations

You reflexively headbutt those who attack you in melee.
You have a pair of horns on your head.


Message History

You kill the orc!
You hit the orc.
The orc hits you with a cursed -2 dagger.
The orc warrior hits you from afar with a +0 glaive.
You hit the orc warrior but do no damage.
Lightning courses through the orc warrior!
Your headbutt misses the orc warrior.
The orc warrior is moderately wounded.
You hit the orc.
You kill the orc!
The orc warrior barely misses you.
You hit the orc warrior but do no damage.
You headbutt the orc warrior, but do no damage.
The orc warrior is moderately wounded.
The orc warrior hits you with a +0 glaive!
* * * LOW HITPOINT WARNING * * *
You closely miss the orc warrior.
The orc warrior is moderately wounded.
The orc warrior hits you with a +0 glaive!!
You die...

..............
.............
...?........#
............+
............#
............#
.......o....#
.......@)...#
.......)(...# ##
........(...# #.
......$.(...# #.
##+###...(..# #<
#......# #.
#......##+########.
#.................#
#.................#


You could see an orc warrior.

Vanquished Creatures
  Grinder (D:4)
  A sky beast (D:5)
  A centaur (D:5)
  A big kobold (Sewer)
  A quasit (D:5)
  An orc priest (D:3)
  A hound (D:5)
  A hound skeleton (D:5)
  A worker ant zombie (D:5)
  3 gnolls (D:3)
  2 adders
  2 river rats (Sewer)
  2 shadow imps (D:5)
  2 dart slugs
  4 leopard geckos (D:3)
  17 orcs
  2 bats (D:1)
  9 giant cockroaches
  6 hobgoblins
  3 jackals
  9 kobolds
  3 quokkas
  5 frilled lizards (D:1)
  3 goblins
  7 rats
88 creatures vanquished.

Notes
Turn   | Place    | Note
-------+----------+-------------------------------------------
     0 | D:1      | teukkam the Minotaur Fighter began the quest for the Orb.
     0 | D:1      | Reached XP level 1. HP: 19/19 MP: 0/0
    40 | D:1      | Reached XP level 2. HP: 27/27 MP: 1/1
   295 | D:1      | Reached XP level 3. HP: 33/33 MP: 2/2
   689 | D:3      | Reached XP level 4. HP: 26/40 MP: 3/3
   820 | D:3      | Found a glowing drain.
   830 | Sewer    | Entered a sewer
   845 | Sewer    | Reached XP level 5. HP: 25/47 MP: 4/4
  1077 | Sewer    | Found a white marble altar of Elyvilon.
  1156 | D:3      | Reached skill level 5 in Fighting
  1217 | D:4      | Reached skill level 5 in Armour
  1232 | D:4      | Reached skill level 5 in Shields
  1396 | D:4      | Noticed Grinder
  1405 | D:4      | Killed Grinder
  1405 | D:4      | Reached XP level 6. HP: 41/56 MP: 5/5
  1542 | D:4      | Noticed Dowan
  1542 | D:4      | Noticed Robin
  1542 | D:4      | Noticed Duvessa
  1593 | D:5      | Entered Level 5 of the Dungeon
  1693 | D:5      | Found the +0 mask of the Dragon {MR+ Slay+3 SInv}
  1693 | D:5      | Noticed a sky beast
  1711 | D:5      | Reached skill level 5 in Axes
  1711 | D:5      | Reached XP level 7. HP: 23/62 MP: 1/6
  2571 | D:6      | Found a glowing golden altar of the Shining One.
  2574 | D:6      | Found a sparkling altar of Nemelex Xobeh.
  2576 | D:6      | Found a bloodstained altar of Trog.
  2576 | D:6      | Found a shadowy altar of Dithmenos.
  2576 | D:6      | Found a snail-covered altar of Cheibriados.
  2578 | D:6      | Found a blossoming altar of Fedhas.
  2578 | D:6      | Found a radiant altar of Vehumet.
  2579 | D:6      | Found a white marble altar of Elyvilon.
  2640 | D:6      | Slain by an orc warrior

Skill      XL: |  1  2  3  4  5  6  7 |
---------------+----------------------+-----
Fighting       | 4 5 6 |  6.1
Armour         | 4 5 6 |  6.1
Shields        | 4 5 6 |  6.1
Axes           | 3 4 5 |  5.5

Action                   |  1- 3 |  4- 6 |  7- 9 || total
-------------------------+-------+-------+-------++-------
Melee: War axe           |    73 |    69 |       ||   142
       Headbutt          |     6 |    14 |     6 ||    26
       Hand axe          |       |    18 |    32 ||    50
  Use: Scroll            |     1 |     2 |       ||     3
       Potion            |       |     3 |       ||     3
  Eat: Chunk             |       |     2 |       ||     2
       Ration            |       |     1 |       ||     1
Armor: Scale mail        |    38 |    36 |    14 ||    88
Dodge: Dodged            |    25 |    29 |    15 ||    69
Block: Shield            |    38 |    50 |    16 ||   104
